 Dungeon Crawl Stone Soup version 0.31.0-32-g396128a36d (webtiles) character file.

Game seed: 13502531085464140495

406410 Logoto the Conqueror (level 22, -4/227 (233) HPs)
             Began as a Minotaur Berserker on Apr 22, 2024.
             Was a High Priest of Trog.
             Killed from afar by a red draconian scorcher (26 damage)
             ... with damnation
             ... on level 4 of the Depths on Apr 25, 2024.
             The game lasted 02:58:50 (66539 turns).

Logoto the Conqueror (Minotaur Berserker)          Turns: 66539, Time: 02:58:52

HP:   -4/227 (233)  AC: 49    Str: 35    XL:     22   Next: 38%
MP:   21/21         EV: 11    Int:  4    God:    Trog [*****.]
Gold: 3778          SH:  5    Dex: 10    Spells: 21/21 levels left

rFire   . . .        M - +1 battleaxe "Xurama" {heavy, rC+ rCorr Dex-3 Stlth+}
rCold   + . .        (shield currently unavailable)
rNeg    . . .        j - +7 crystal plate armour {ponderous}
rPois   .            (helmet restricted)
rElec   .            C - +1 cloak {rCorr}
rCorr   +            l - +2 pair of gloves of Ru's Generosity {Str+5 Stlth-}
SInv    .            I - +2 pair of boots {rampage}
Will    ++...        g - amulet of reflection Stlth
                     L - ring of willpower
HPRegen 0.57/turn    w - +4 ring of slaying
MPRegen 0.17/turn

%: reflection, rampage
@: studying Short Blades, lightly drained, slow
A: horns 2, retaliatory headbutt
}: 2/15 runes: serpentine, barnacled
a: Renounce Religion, Berserk, Trog's Hand, Brothers in Arms


You were on level 4 of the Depths.
You worshipped Trog.
Trog was extremely pleased with you.
You visited 7 branches of the dungeon, and saw 38 of its levels.
You visited 1 bazaar.
You also visited: Volcano and Desolation.

You collected 5848 gold pieces.
You spent 2070 gold pieces at shops.

Inventory:

Hand Weapons
 m - a +1 heavy executioner's axe
 K - a +3 battleaxe of flaming
 M - the +1 battleaxe "Xurama" (weapon) {heavy, rC+ rCorr Dex-3 Stlth+}
   (Trog gifted it to you on level 4 of the Snake Pit)

   Dex-3:     It affects your dexterity (-3).
   rC+:       It protects you from cold.
   rCorr:     It protects you from acid and corrosion.
   Stlth+:    It makes you more stealthy.
Missiles
 d - 30 poisoned darts (quivered)
 e - 6 atropa-tipped darts
Armour
 j - a +7 crystal plate armour of ponderousness (worn)
 l - the +2 pair of gloves of Ru's Generosity (worn) {Str+5 Stlth-}
   (You acquired it on level 9 of the Dungeon)

   Str+5:     It affects your strength (+5).
   Stlth-:    It makes you less stealthy.
 C - a +1 cloak of preservation (worn)
 I - a +2 pair of boots of rampaging (worn)
 O - the +4 ring mail of the Carved God {rElec}
   (You found it on level 9 of the Dungeon)

   rElec:     It insulates you from electricity.
 U - a +2 tower shield of protection
Jewellery
 g - an amulet of reflection (around neck)
 h - the ring "Nuixaz" {rPois rF+}
   (You took it off a vampire knight on level 3 of the Depths)

   [ring of protection from fire]

   rF+:       It protects you from fire.
   rPois:     It protects you from poison
 w - a +4 ring of slaying (right hand)
 H - a ring of resist corrosion
 L - a ring of willpower (left hand)
 V - a ring of positive energy
 Y - a ring of willpower
Wands
 n - a wand of iceblast (36)
 B - a wand of light (6)
 F - a wand of paralysis (34)
 N - a wand of mindburst (30)
 S - a wand of flame (37)
 T - a wand of digging (24)
 Z - a wand of polymorph (6)
Scrolls
 a - 8 scrolls of revelation
 i - 3 scrolls of butterflies
 r - 10 scrolls of teleportation
 v - a scroll of silence
 z - a scroll of acquirement
 A - 4 scrolls of enchant weapon
 D - 4 scrolls of blinking
 E - 6 scrolls of enchant armour
 G - a scroll of brand weapon
 W - 3 scrolls of fear
Potions
 b - 6 potions of curing
 c - 6 potions of ambrosia
 f - a potion of heal wounds
 k - 8 potions of resistance
 o - 2 potions of magic
 p - 8 potions of cancellation
 s - 8 potions of enlightenment
 t - 7 potions of might
 u - a potion of invisibility
 x - a potion of berserk rage
 P - a potion of mutation
 R - 8 potions of lignification
 X - 5 potions of haste
Miscellaneous
 q - a phantom mirror
 J - a phial of floods
 Q - a sack of spiders


   Skills:
 O Level 27 Fighting
 O Level 27 Axes
 + Level 2.0 Throwing
 * Level 26.2 Armour
 * Level 8.7 Dodging
 + Level 3.4 Stealth
 + Level 10.9 Shields
 * Level 4.5 Evocations


You had 21 spell levels left.
You didn't know any spells.
Your spell library was empty.

Dungeon Overview and Level Annotations

Branches:
Dungeon (15/15)            Temple (0/1) D:5            Lair (5/5) D:10
 Shoals (4/4) Lair:2        Snake (4/4) Lair:2        Slime (0/5) Lair:5
    Orc (2/2) D:9             Elf (0/3) Orc:2        Vaults (4/5) D:13
  Crypt (0/3) Vaults:2     Depths (4/4) D:15        Volcano (visited)
Desolation (visited)
    Zot: Depths:4

Altars:
Ashenzari
Cheibriados
Dithmenos
Elyvilon
Fedhas
Gozag
Hepliaklqana
Okawaru
Ru
Sif Muna
Trog
Uskayaw
Vehumet
Wu Jian
Xom
Yredelemnul
Zin
The Shining One
Jiyva

Shops:
D:7 *   Orc:1 :(   Orc:2 *==!   Shoals:1 :   Shoals:4 *   Snake:2 ?=
Snake:3 :   Depths:2 ?

Portals:
Hell: Depths:1 Depths:2 Depths:3
Abyss: Depths:1 Depths:2 Depths:3
Pandemonium: Depths:2
Ziggurat: Depths:1

Annotations:
Lair:5 1 runed translucent door
Shoals:1 2 transporters, qdestroyer's ghost, journeyman MiFi
Shoals:3 1 runed translucent door, thechecker02's ghost, adept GnFi
Snake:2 Roxanne
Orc:2 exclusion: oklob plant


Innate Abilities, Weirdness & Mutations

You have a pair of horns on your head.
You reflexively headbutt those who attack you in melee.


Message History

You chop the ettin into pieces!!!
You kill the ettin!
Trog accepts your kill.
You slash the stone giant! The stone giant hits you!
A red draconian scorcher comes into view.
It is wielding a +0 long sword and wearing a +2 cloak of poison resistance.
The red draconian scorcher roars!
The stone giant attacks as it pursues you!
The stone giant hits you.
The red draconian scorcher points at you and mumbles some strange words.
The sphere of damnation explodes!
The damnation engulfs you!!
The damnation engulfs the stone giant!!
The stone giant shouts!
You hear a deafening roar!
Things that are here:
a +0 dire flail; a +0 great mace; an ettin corpse You hit the stone giant but do no damage.
The stone giant is heavily wounded.
The stone giant hits you.
You hit the stone giant.
The stone giant is heavily wounded.
You block the stone giant's attack.
The stone giant throws a large rock.
The large rock hits you.
The red draconian scorcher breathes fire at you.
The searing blast hits you.
Things that are here:
+0 ice dragon scales; an ice dragon corpse The stone giant throws a large rock.
The large rock barely misses you.
The red draconian scorcher breathes fire at you.
The searing blast hits you!!
* * * LOW HITPOINT WARNING * * *
You see here a +0 mace.
The stone giant throws a large rock.
The large rock hits you!
* * * LOW HITPOINT WARNING * * *
The red draconian scorcher casts a spell at you.
The sphere of damnation explodes!
The damnation engulfs you!!
* * * LOW HITPOINT WARNING * * *
The stone giant throws a large rock.
The large rock hits you.
* * * LOW HITPOINT WARNING * * *
The red draconian scorcher gestures at you while chanting.
The sphere of damnation explodes!
The damnation engulfs you!!
You die...

#################
................
................
...............$
......≈≈≈......
.....≈.§§§..# ###
.....§§§§≈..##...#
.....§.§§§@......#
...##.§≈≈...##.^.. .
#...).☼.# . #...[.[.#
.##......○###+## .
.......).C.....##....
......(q....)........
.....................
.....................


You could see a stone giant and a red draconian scorcher (catching breath).

Vanquished Creatures
  A dread lich (Vaults:1)
  2 juggernauts
  Bai Suzhen (Depths:2)
  Vashnia (Snake:2)
  A caustic shrike (Depths:3)
  A golden dragon (Depths:3)
  Nikola (Snake:2)
  2 walking crystal tomes (Depths:3)
  2 tentacled monstrosities (Depths:3)
  Rupert (Lair:4)
  2 walking earthen tomes (Depths:3)
  A lich (Depths:3)
  Mlioglotl (Shoals:1)
  A walking divine tome (Depths:4)
  Asterion (Snake:3)
  9 sphinxes
  2 titans
  A walking frostbound tome (Depths:3)
  Agnes (Snake:2)
  Kirke (Lair:3)
  7 shadow dragons
  2 tengu reavers
  5 nagarajas
  Donald (Vaults:3)
  4 frost giants
  A deep elf sorcerer (Vaults:3)
  4 fire giants
  The ghost of TuffENuff the Formicid Cataclysm, a journeyman FoFi of Qazlal (D:15)
  An iron dragon (Depths:3)
  13 vault wardens
  A ghoul (Vaults:2)
  2 deep elf elementalists (Depths:3)
  A draconian annihilator (Depths:4)
  20 ironbound preservers
  6 spriggan defenders
  2 orc warlords
  A formless jellyfish (Vaults:4)
  2 vampire knights (Depths:3)
  2 very ugly things (Depths:3)
  10 stone giants
  4 ironbound thunderhulks
  A red draconian (Depths:4)
  9 spark wasps
  12 dire elephants
  The ghost of PaiMei the Black Sun, a journeyman DsNe of Kikubaaqudgha (Lair:3)
  A war gargoyle (Vaults:2)
  A purple draconian (Depths:4)
  3 crystal guardians
  7 ettins
  13 merfolk impalers
  2 merfolk javelineers
  Snorg (Lair:4)
  The ghost of Keadol the Thaumaturge, a journeyman DrCj of Vehumet (Lair:1)
  An entropy weaver (Vaults:4)
  7 yaktaur captains
  2 deep elf high priests (Depths:3)
  3 fire dragons
  Josephine (D:15)
  A servant of whispers (Desolation)
  7 great orbs of eyes
  A ragged hierophant (Desolation)
  9 hydras
  3 rakshasas
  7 vault guards
  5 ice dragons
  4 salamander tyrants
  10 centaur warriors
  7 merfolk aquamancers
  Erolcha (Orc:2)
  A catoblepas (D:14)
  3 peacekeepers
  11 ironbound frosthearts
  9 anacondas
  6 two-headed ogres
  2 merfolk avatars
  Erica (D:11)
  A deep troll shaman (Depths:3)
  6 boulder beetles
  A deep troll earth mage (Depths:3)
  2 satyrs
  3 alligator snapping turtles (Shoals:4)
  15 naga warriors
  2 spriggan berserkers
  3 vampire magi
  16 naga sharpshooters
  7 tengu warriors
  An occultist (Depths:2)
  8 shock serpents
  2 hell hogs (Lair:5)
  4 orc high priests (Orc:2)
  A soul eater (Vaults:2)
  7 hell knights
  A spriggan (Depths:2)
  6 skeletal warriors
  4 skysharks
  2 iron trolls (Depths:3)
  11 sea snakes
  3 salamander mystics (Snake:4)
  Lodul (D:11)
  4 naga ritualists (Snake:4)
  15 ironbound convokers
  11 arcanists
  4 glowing orange brains
  7 mana vipers
  39 deep trolls
  A shock serpent (shapeshifter) (Depths:3)
  3 flayed ghosts (Depths:3)
  A kraken simulacrum (Shoals:4)
  9 lindwurms
  26 harpies
  A deep elf archer (D:13)
  3 deep elf pyromancers
  4 necromancers
  3 phantasmal warriors
  6 orc knights
  A wolf spider (D:15)
  2 deep elf zephyrmancers (D:13)
  A frost giant zombie (Depths:1)
  15 manticores
  11 fauns
  21 ugly things
  5 orc sorcerers
  14 cyclopes
  18 elephants
  6 merfolk sirens
  11 meliai
  13 salamanders
  30 naga magi
  39 black mambas
  A fire giant skeleton (Depths:1)
  A black mamba (shapeshifter) (D:15)
  4 guardian serpents
  18 vault sentinels
  4 water nymphs
  2 gargoyles
  2 molten gargoyles (Lair:5)
  2 smoke demons
  An unseen horror (D:13)
  16 cane toads
  4 centaur skeletons (D:13)
  12 komodo dragons
  24 yaktaurs
  4 rime drakes
  An efreet (D:14)
  A freezing wraith (Vaults:3)
  A yaktaur (shapeshifter) (Depths:3)
  40 merfolk
  9 tengu conjurers
  A queen bee (Lair:4)
  4 polar bears
  5 red devils
  5 trolls
  2 hornets
  3 wind drakes
  2 dream sheep (Shoals:3)
  8 saltlings
  A glass eye (Depths:3)
  A frost giant simulacrum (Depths:1)
  26 slime creatures
  27 blink frogs
  9 snapping turtles
  A stone giant simulacrum (Depths:1)
  A shadow (D:10)
  8 basilisks
  10 wyverns
  22 water elementals
  3 wraiths (D:15)
  55 yaks
  2 hogs
  A fire elemental (Depths:2)
  A warg (Orc:1)
  3 vampire mosquitoes
  5 steam dragons
  A swamp worm (shapeshifter) (D:14)
  50 nagas
  3 acid dragons
  7 hydra simulacra
  7 hell hounds
  12 water moccasins
  22 orc warriors
  2 black bears
  An ice beast (D:8)
  A boggart (Vaults:1)
  28 wolves
  12 centaurs
  12 ogres
  2 phantoms
  2 gnoll sergeants (D:6)
  2 kobold brigands
  3 scorpions
  16 bullfrogs
  2 troll zombies (D:9)
  A blink frog simulacrum (Lair:1)
  15 killer bees
  2 electric eels
  8 howler monkeys
  5 lava snakes (Lair:5)
  A bombardier beetle (D:7)
  4 jellies
  3 komodo dragon simulacra (Lair:1)
  A hound (D:5)
  26 orc priests
  2 gnoll boudas
  A sleepcap (D:6)
  5 iguanas
  Ijyb (D:3)
  26 orc wizards
  A yak simulacrum (Lair:1)
  A bullfrog simulacrum (Lair:1)
  6 ogre zombies (D:9)
  A boggart simulacrum (D:15)
  Robin (D:4)
  7 adders
  17 gnolls
  A shadow imp (D:6)
  2 ufetubi (D:7)
  A dart slug (D:5)
  2 ribbon worms (D:2)
  65 orcs
  7 bats
  10 endoplasms
  5 giant cockroaches
  16 goblins
  15 hobgoblins
  6 jackals
  24 kobolds
  5 quokkas
  9 ball pythons
  2 frilled lizards (D:1)
  3 gnoll skeletons (D:9)
  2 gnoll zombies (D:9)
  5 orc skeletons (D:9)
  15 orc zombies (D:9)
  5 rats
  A spectral weapon (Snake:3)
1582 creatures vanquished.

Vanquished Creatures (others)
  A naga sharpshooter (Snake:4)
  A faun (Shoals:3)
  A water elemental (Depths:2)
  A human (Lair:4)
  A kobold brigand (D:8)
  An orc priest (D:13)
  2 orc wizards
  A kobold (D:8)
  5 tentacles (Shoals:4)
14 creatures vanquished.

Grand Total: 1596 creatures vanquished

Notes
Turn   | Place    | Note
-------+----------+-------------------------------------------
     0 | D:1      | Logoto the Minotaur Berserker began the quest for the Orb.
     0 | D:1      | Reached XP level 1. HP: 19/19 MP: 0/0
   105 | D:1      | Reached XP level 2. HP: 27/27 MP: 1/1
   361 | D:1      | Reached XP level 3. HP: 33/33 MP: 2/2
   365 | D:1      | Reached ** piety under Trog
  1026 | D:2      | Reached XP level 4. HP: 40/41 MP: 3/3
  1342 | D:2      | Identified the +2 robe of Ontuikka {Str+5}
  1529 | D:3      | Noticed Ijyb
  1539 | D:3      | Killed Ijyb
  1599 | D:3      | Reached skill level 5 in Fighting
  1800 | D:3      | Reached XP level 5. HP: 29/48 MP: 4/4
  2038 | D:3      | Found a blossoming altar of Fedhas.
  2195 | D:3      | Found a shimmering altar of Xom.
  2256 | D:3      | Found a glowing silver altar of Zin.
  2390 | D:3      | Reached *** piety under Trog
  2392 | D:3      | Reached skill level 5 in Axes
  2504 | D:4      | Found a radiant altar of Vehumet.
  2675 | D:4      | Found an ornate altar of the Wu Jian Council.
  2929 | D:4      | Noticed Robin
  2953 | D:4      | Killed Robin
  2992 | D:4      | Found a hazy altar of Hepliaklqana.
  2993 | D:4      | Found a shadowy altar of Dithmenos.
  2994 | D:4      | Noticed a shadow
  3494 | D:4      | Reached XP level 6. HP: 56/56 MP: 5/5
  3629 | D:5      | Entered Level 5 of the Dungeon
  3898 | D:5      | Reached skill level 5 in Armour
  3898 | D:5      | Reached XP level 7. HP: 61/61 MP: 6/6
  4179 | D:5      | Found a shimmering blue altar of Sif Muna.
  4183 | D:5      | Found a bloodstained altar of Trog.
  4211 | D:5      | Found a staircase to the Ecumenical Temple.
  4374 | D:5      | Found a snail-covered altar of Cheibriados.
  4374 | D:5      | Found a glowing golden altar of the Shining One.
  4989 | D:6      | Reached **** piety under Trog
  5010 | D:6      | Reached XP level 8. HP: 42/70 MP: 7/7
  5331 | D:6      | Noticed a cyclops
  5350 | D:6      | Killed a cyclops
  5592 | D:6      | Reached skill level 10 in Axes
  6102 | D:6      | Reached XP level 9. HP: 79/79 MP: 8/8
  6537 | D:7      | Found a sacrificial altar of Ru.
  6859 | D:7      | Found an opulent altar of Gozag.
  6864 | D:7      | Found Gozag's Platinum Reserve.
  7347 | D:8      | Found a basalt altar of Yredelemnul.
  7798 | D:8      | Found a white marble altar of Elyvilon.
  8046 | D:8      | Reached ***** piety under Trog
  8047 | D:8      | Reached skill level 1 in Throwing
  8583 | D:9      | Noticed a two-headed ogre
  8640 | D:9      | Reached XP level 10. HP: 88/88 MP: 9/9
  8666 | D:9      | Killed a two-headed ogre
  8667 | D:9      | Reached skill level 1 in Shields
  8701 | D:9      | Found a staircase to the Orcish Mines.
  8811 | D:9      | Received a gift from Trog
  9645 | D:9      | Identified the +4 ring mail of the Carved God {rElec}
  9970 | D:10     | Entered Level 10 of the Dungeon
 10029 | D:10     | Noticed a two-headed ogre
 10043 | D:10     | Killed a two-headed ogre
 10340 | D:10     | Reached skill level 15 in Axes
 10386 | D:10     | Found a staircase to the Lair.
 10443 | D:10     | Reached XP level 11. HP: 87/97 MP: 10/10
 11044 | D:10     | Found a broken altar of Ashenzari.
 11223 | Lair:1   | Entered Level 1 of the Lair of Beasts
 11310 | Lair:1   | Reached skill level 10 in Armour
 11430 | Lair:1   | Reached skill level 1 in Stealth
 11433 | Lair:1   | Reached skill level 10 in Fighting
 11501 | Lair:1   | Found a runed translucent gate.
 11501 | Lair:1   | Found a runed translucent gate.
 11501 | Lair:1   | Found a runed translucent gate.
 11766 | Lair:1   | Found a transporter.
 11766 | Lair:1   | Found a transporter.
 11768 | Lair:1   | Noticed a boulder beetle
 12511 | Lair:1   | Noticed Keadol's ghost (journeyman DrCj)
 12571 | Lair:1   | Killed a boulder beetle
 12625 | Lair:2   | Received a gift from Trog
 12650 | Lair:2   | Reached XP level 12. HP: 95/110 MP: 11/11
 12752 | Lair:2   | Reached skill level 5 in Dodging
 13024 | Lair:2   | Found a staircase to the Snake Pit.
 13323 | Lair:2   | Found a staircase to the Shoals.
 14075 | Lair:3   | Noticed a five-headed hydra
 14082 | Lair:3   | Killed a one-headed hydra
 14198 | Lair:3   | Received a gift from Trog
 14199 | Lair:3   | Reached XP level 13. HP: 119/119 MP: 12/12
 14330 | Lair:3   | Found a runed translucent gate.
 14330 | Lair:3   | Found a runed translucent gate.
 14330 | Lair:3   | Found a viscous altar of Jiyva.
 14330 | Lair:3   | Found a runed translucent gate.
 14330 | Lair:3   | Noticed PaiMei's ghost (journeyman DsNe)
 14574 | Lair:4   | Noticed Kirke
 14585 | Lair:3   | Noticed a sphinx
 14590 | Lair:3   | Killed Kirke
 14966 | Lair:4   | Found a dark tunnel.
 14974 | Volcano  | Entered a volcano
 15614 | Lair:4   | Noticed Snorg
 15626 | Lair:4   | Killed Snorg
 15651 | Lair:4   | Noticed Rupert
 15660 | Lair:4   | Paralysed by Rupert for 2 turns
 15663 | Lair:4   | Paralysed by Rupert for 4 turns
 15673 | Lair:4   | Killed Rupert
 16612 | Lair:5   | Entered Level 5 of the Lair of Beasts
 16832 | Lair:5   | Reached XP level 14. HP: 133/133 MP: 13/13
 16965 | Lair:5   | Received a gift from Trog
 17505 | Lair:5   | Found a runed translucent door.
 17506 | Lair:5   | Found a viscous altar of Jiyva.
 17507 | Lair:5   | Noticed an acid blob
 17507 | Lair:5   | Noticed an acid blob
 17508 | Lair:5   | Found a staircase to the Slime Pits.
 18047 | Lair:5   | Reached skill level 15 in Fighting
 18228 | Lair:5   | Found a large runed translucent door.
 18229 | Lair:5   | Found a large runed translucent door.
 18863 | Orc:1    | Entered Level 1 of the Orcish Mines
 19007 | D:9      | Reached XP level 15. HP: 143/143 MP: 14/14
 19110 | Orc:1    | Found Mingep's Antique Weapon Shoppe.
 19540 | Orc:1    | Found Jotoq's Book Boutique.
 19781 | Orc:2    | Entered Level 2 of the Orcish Mines
 19949 | Orc:2    | Found a staircase to the Elven Halls.
 19985 | Orc:2    | Noticed Erolcha
 19997 | Orc:2    | Killed Erolcha
 20368 | Orc:2    | Received a gift from Trog
 21185 | Orc:2    | Found Douw's Jewellery Shoppe.
 21185 | Orc:2    | Found Zoaruph's General Store.
 21186 | Orc:2    | Found Wulaow's Jewellery Emporium.
 21190 | Orc:2    | Found Xedurphe's Distillery.
 21746 | D:11     | Noticed Lodul
 21753 | D:11     | Killed Lodul
 21832 | D:11     | Noticed Erica
 21841 | D:11     | Killed Erica
 22305 | D:11     | Reached skill level 5 in Shields
 22569 | D:12     | Received a gift from Trog
 23126 | D:12     | Reached XP level 16. HP: 154/154 MP: 15/15
 23737 | D:13     | Reached skill level 15 in Armour
 23814 | D:13     | Found a gate to the Vaults.
 25309 | D:15     | Entered Level 15 of the Dungeon
 25399 | D:15     | Noticed Josephine
 25403 | D:15     | Killed Josephine
 25452 | D:15     | Found a runed translucent gate.
 25452 | D:15     | Found a runed translucent gate.
 25642 | D:15     | Found a staircase to the Depths.
 25809 | D:15     | Found a runed translucent gate.
 25813 | D:15     | Noticed TuffENuff's ghost (journeyman FoFi)
 25822 | D:15     | Killed TuffENuff's ghost
 25864 | D:15     | Found an iron altar of Okawaru.
 26604 | Shoals:1 | Entered Level 1 of the Shoals
 26606 | Shoals:1 | Found Deat's Book Boutique.
 26975 | Shoals:1 | Found a transporter.
 26977 | Shoals:1 | Found a transporter.
 26978 | Shoals:1 | Noticed qdestroyer's ghost (journeyman MiFi)
 27175 | Shoals:1 | Noticed Mlioglotl
 27183 | Shoals:1 | Killed Mlioglotl
 29872 | Shoals:2 | Received a gift from Trog
 30085 | Shoals:3 | Reached XP level 17. HP: 166/166 MP: 16/16
 30617 | Shoals:4 | Entered Level 4 of the Shoals
 31362 | Shoals:3 | Received a gift from Trog
 31440 | Shoals:3 | Found a runed translucent door.
 31445 | Shoals:3 | Noticed thechecker02's ghost (adept GnFi)
 31802 | Shoals:4 | Found Unurihenn's Overcharged Wands.
 32035 | Lair:1   | Killed Keadol's ghost
 32096 | Lair:1   | Got the ring "Alufarage" {Fire rN++}
 32220 | Lair:3   | Killed PaiMei's ghost
 32661 | Shoals:4 | Identified the staff "Huijaif" {rPois rC++ rN+ Will+ Str-4
                  | Alchemy}
 33663 | Shoals:4 | Got a barnacled rune of Zot
 34401 | Shoals:4 | Received a gift from Trog
 35497 | Snake:1  | Entered Level 1 of the Snake Pit
 36164 | Snake:1  | Reached XP level 18. HP: 147/179 MP: 17/17
 37671 | Snake:2  | Noticed Nikola
 37678 | Snake:2  | Killed Nikola
 37934 | Snake:2  | Found Zarialot's Magic Scroll Shoppe.
 38163 | Snake:2  | Noticed Agnes
 38169 | Snake:2  | Killed Agnes
 38400 | Snake:2  | Noticed Vashnia
 38766 | Snake:2  | Killed Vashnia
 39243 | Snake:2  | Found Gojiharch's Jewellery Shoppe.
 39741 | Snake:2  | Found an opulent altar of Gozag.
 40007 | Snake:2  | Noticed Roxanne
 40751 | Snake:2  | Received a gift from Trog
 41803 | Snake:3  | Found Ucetepsi's Self-Published Books.
 42688 | Snake:3  | Noticed Asterion
 42697 | Snake:3  | Killed Asterion
 43178 | Snake:4  | Entered Level 4 of the Snake Pit
 46656 | Snake:4  | Reached XP level 19. HP: 139/191 MP: 18/18
 48759 | Snake:4  | Got a serpentine rune of Zot
 48766 | Snake:4  | Identified the +1 battleaxe "Xurama" {heavy, rC+ rCorr
                  | Dex-3 Stlth+} (Trog gifted it to you on level 4 of the
                  | Snake Pit)
 48766 | Snake:4  | Received a gift from Trog
 49011 | Snake:4  | Identified 2 scrolls of acquirement
 49259 | D:9      | Acquired a manual of Fighting
 49264 | D:9      | Acquired the +2 pair of gloves of Ru's Generosity {Str+5
                  | Stlth-}
 49405 | Vaults:1 | Entered Level 1 of the Vaults
 50364 | Vaults:1 | Received a gift from Trog
 51235 | Vaults:1 | Noticed a dread lich
 51241 | Vaults:1 | Killed a dread lich
 51540 | Vaults:1 | You fall into a shaft and drop 1 floor!
 51753 | Vaults:1 | Reached ****** piety under Trog
 51769 | Vaults:1 | Reached XP level 20. HP: 191/209 MP: 19/19
 52027 | Vaults:2 | Received a gift from Trog
 52358 | Vaults:2 | Found a staircase to the Crypt.
 54169 | Vaults:3 | Found a crumbling gateway.
 54181 | Desolati | Entered the Desolation of Salt
 55009 | Vaults:3 | Noticed Donald
 55009 | Vaults:3 | Identified the +6 quarterstaff of Indomitability {venom,
                  | rElec}
 55024 | Vaults:3 | Killed Donald
 55157 | Vaults:3 | Received a gift from Trog
 56289 | Snake:2  | Bought a +4 ring of slaying for 1560 gold pieces
 56976 | Vaults:4 | Identified the +3 arbalest of Burning Certain Death
                  | {freeze, Int+3}
 57197 | Vaults:4 | Received a gift from Trog
 57750 | Vaults:4 | Reached skill level 27 in Fighting
 57870 | Vaults:4 | Reached XP level 21. HP: 219/224 MP: 20/20
 58542 | Depths:1 | Entered Level 1 of the Depths
 58756 | Depths:1 | Received a gift from Trog
 59068 | Depths:1 | Found a gateway to Hell.
 59076 | Depths:1 | Found a one-way gate to the infinite horrors of the Abyss.
 59126 | Depths:1 | Found a one-way gateway to a ziggurat.
 59136 | Depths:1 | Reached skill level 27 in Axes
 59183 | Depths:1 | Reached skill level 1 in Evocations
 59793 | Depths:2 | Identified the dragon-blood talisman of Koapt {Will+ SInv}
 59793 | Depths:2 | Noticed Bai Suzhen
 59803 | Depths:2 | Killed Bai Suzhen
 59862 | Depths:2 | Found a hide-covered altar of Uskayaw.
 60595 | Depths:2 | Noticed a juggernaut
 60605 | Depths:2 | Killed a juggernaut
 60606 | Depths:2 | Reached skill level 10 in Shields
 60969 | Depths:2 | Found Qiq Ati's Magic Scroll Boutique.
 61099 | Depths:2 | Bought a scroll of blinking for 165 gold pieces
 61099 | Depths:2 | Bought a scroll of teleportation for 66 gold pieces
 61099 | Depths:2 | Bought a scroll of teleportation for 66 gold pieces
 61099 | Depths:2 | Bought a scroll of teleportation for 66 gold pieces
 61272 | Depths:2 | Found a one-way gate leading to the halls of Pandemonium.
 62409 | Depths:3 | Noticed a caustic shrike
 62484 | Depths:3 | Killed a caustic shrike
 62548 | Depths:3 | Received a gift from Trog
 63043 | Depths:3 | Identified the ring "Nuixaz" {rPois rF+}
 63445 | Depths:3 | Identified the +4 quarterstaff "Quytezug" {flame, rF+}
 63808 | Depths:3 | Reached XP level 22. HP: 233/233 MP: 21/21
 63810 | Depths:3 | Received a gift from Trog
 64235 | Depths:3 | Noticed a golden dragon
 64245 | Depths:3 | Killed a golden dragon
 64609 | Depths:3 | Noticed a juggernaut
 64617 | Depths:3 | Killed a juggernaut
 64841 | Depths:3 | Identified the +3 chain mail of the Unseen Realm {rPois rF+
                  | MP-9}
 65489 | Depths:4 | Entered Level 4 of the Depths
 65689 | Depths:4 | Noticed a golden dragon
 65840 | Depths:4 | Found a flickering gateway to a bazaar.
 65845 | Bazaar   | Entered a bazaar
 65859 | Bazaar   | Found Xoudow's Magic Scroll Emporium.
 65864 | Bazaar   | Bought a scroll of teleportation for 42 gold pieces
 65864 | Bazaar   | Bought a scroll of enchant armour for 105 gold pieces
 65881 | Bazaar   | Found Emmucad's Book Emporium.
 65881 | Bazaar   | Found Jopturic's Jewellery Shoppe.
 66539 | Depths:4 | Killed from afar by a red draconian scorcher

Illustrated notes

Levels and vault maps discovered:
D:1:      scummos_arrival_simple_fountains, layout_basic
D:2:      kennysheep_six_static_rooms, layout_basic
D:3:      layout_loops_corners, mainiacjoe_overflow_boulevard,
          overflow_temple_1_default, zin_statuary,
          minmay_randomly_rotated_circles, uniq_ijyb
D:4:      layout_loops_ring, riverfiend_overflow_shadow_ancestor,
          mainiacjoe_overflow_24_doors, nicolae_vehumet_radiance,
          serial_co_window_serial, co_window_paths_b, co_window_paths_b,
          co_window_corner_a, co_window_paths_a, co_window_paths_b,
          co_window_2corner, co_window_of_opportunity_c,
          co_window_of_opportunity_c, co_window_unsneaky_path_c,
          co_window_2corner, co_window_paths_e, glass_columns_a,
          glass_columns_a, glass_columns_b, glass_columns_a, glass_columns_c,
          uniq_robin
D:5:      layout_basic, hellmonk_overflow_destroyed_library,
          nicolae_overflow_two_pavilions, minmay_temple_entry_mist, minivault_24
D:6:      minmay_thinvault, layout_cave_pools, chequers_serial_rivers_room_b,
          dreamdust_wishing_well
D:7:      layout_gridville, mainiacjoe_overflow_catwalk,
          nicolae_gozag_zags_fifth_avenue, nicolae_houndstooth_variations
D:8:      layout_layer_cave, kennysheep_ying_yang
D:9:      layout_loops_corners, zombieorc2_lemuel, patterned_corridor
D:10:     layout_irregular_city, mainiacjoe_overflow_alcove_4, lair_entry_dummy
D:11:     wad_cavern_with_rooms, layout_small_grid, uniq_lodul, uniq_erica
D:12:     minmay_wavy_crystal, layout_irregular_city
D:13:     layout_small_grid, hangedman_vaults_entry_quadrant_bands
D:14:     layout_basic, hangedman_abyss_or_decor_stabs
D:15:     hangedman_depths_entry_try_elsewhere_first, layout_gridville,
          okawaru_gym_becter, ebering_ghost_rock_garden, minivault_5,
          uniq_josephine
Lair:1:   gammafunk_boulding_lane, layout_hall_layers, gammafunk_ghost_icy,
          gauntlet_entry_generic, lemuel_fruit_tree
Lair:2:   layout_chaotic_city, minmay_shoals_entry_hut,
          guppyfry_snake_entry_garden, grunt_megastairs_1
Lair:3:   layout_hall_layers, gammafunk_ghost_ooze, nicolae_lair_lil_pond,
          serial_bayou_pond_a, beast_lair_carwin_10
Lair:4:   layout_gridlike, special_room [special_room_bee],
          nicolae_volcano_entry_two_sided, beast_lair_carwin_2, uniq_snorg,
          uniq_rupert, uniq_kirke
Lair:5:   cheibrodos_lair_end_hotspot, layout_gridlike, slime_entry_2,
          lemuel_fruit_fields
Shoals:1: layout_shoals, serial_shops, nicolae_shop_peninsula,
          ebering_ghost_davey_jones, uniq_mlioglotl
Shoals:2: layout_shoals
Shoals:3: layout_shoals, portal_ice_cave_entry_pillars_1,
          ebering_ghost_inner_flame, st_shoals_ruin
Shoals:4: shoals_end_grunt_ice, layout_shoals, nicolae_shop_overcharged_wands
Snake:1:  nicolae_snake_unarmed_stairs_patrol, layout_onion
Snake:2:  layout_onion_interference, serial_shops, shop, basic_altar,
          st_stairs_10, grunt_ministairs_15, minmay_shop_enchanted_jewellery,
          uniq_vashnia, uniq_agnes, uniq_roxanne, uniq_nikola
Snake:3:  layout_gridlike, nicolae_custom_books, guppyfry_library_mini,
          uniq_asterion
Snake:4:  snake_pit, layout_chambers, grunt_megastairs_2
Orc:1:    layout_caves, serial_shops, nicolae_shop_pleasant_corner_grove,
          nicolae_shop_stone, dreamdust_deal_with_the_devil,
          einodemon_armed_red_devil_minivault
Orc:2:    st_orc_mages, layout_caves, mines3_lemuel, uniq_erolcha
Vaults:1: dpeg_vaults_monster_row, v_misc_9, vaults_room_octagon,
          nicolae_vaults_trapezoid_lopsided_2, vaults_standard_mumra_lines,
          serial_library_regret_index_headful, v_rooms_2,
          nicolae_vaults_apartment_2, nicolae_vaults_alarming,
          grunt_vaults_hallway_long, nicolae_vaults_more_shelving_1,
          layout_vaults_omnigrid
Vaults:2: minmay_crypt_entry_simple_plaza, vaults_room_fours,
          nicolae_vaults_disjoint_gnomons, nicolae_vaults_closet_pinwheel_1,
          nicolae_vaults_heart-shaped_vault, nicolae_vaults_three_branches,
          vaults_dpeg_cross, vaults_dpeg_spiral, nicolae_vaults_big_ls,
          v_misc_15, vaults_room_door_ring, layout_vaults_maze_snakey
Vaults:3: portal_desolation_entry_garden, v_alt_pattern_1,
          nicolae_vaults_tetromino_L_2, v_pattern_2,
          nicolae_vaults_branching_niches, nicolae_vaults_closet_pinwheel_2,
          nicolae_vaults_theta, vaults_dpeg_emergency_exit,
          nicolae_vaults_storage_closets_1, nicolae_vaults_little_squares_5,
          vaults_room_door_hall, nicolae_vaults_diagonal_hallway_7,
          layout_vaults_omnicross, uniq_donald
Vaults:4: vaults_room_pools, hangedman_vaults_stitches, hangedman_vaults_nails,
          nicolae_vaults_mitosis, nicolae_vaults_storage_room_statues,
          ontoclasm_vaults_misaligned, nicolae_vaults_closet_pinwheel_4,
          nicolae_vaults_heart-shaped_vault, nicolae_vaults_meeting,
          vaults_room_door_ring, nicolae_vaults_layer_cake_slice,
          vaults_room_ringed_pool, nicolae_vaults_yaktaur_gun_rack,
          nicolae_vaults_little_squares_2, layout_vaults_big_room
Depths:1: layout_cave_shapes, enter_ziggurat_f, minmay_misc_feat_chi,
          hell_entry, abyss_entry_glasseish, lightli_minifort
Depths:2: cheibrodos_hall_of_evolution, layout_basic, abyss_entry,
          serial_library_regret_index_branch_corner, hell_entry, serial_shops,
          shop_statue, grunt_pan_entry_zigzag, eat_drink_and_be_merry_uskayaw,
          uniq_bai_suzhen
Depths:3: box_level_dp, abyss_entry, hell_entry
Depths:4: evilmike_zot_entry_diamond, layout_gridville, serial_shops,
          bzr_entry_water, grunt_hell_entry_dis_old, elyvilon_altar_1,
          nicolae_transporter_intersection

Skill      XL: |  1  2  3  4  5  6  7  8  9 10 11 12 13 14 15 16 17 18 19 20 21 22 |
---------------+-------------------------------------------------------------------+-----
Fighting       | 4 5 7 8 9 11 12 14 15 16 18 20 21 24 27 | 27.0
Axes           | 4 5 6 8 10 12 15 16 18 20 21 22 23 24 25 26 27 | 27.0
Armour         | 3 4 5 6 8 9 10 11 12 14 16 18 20 21 22 25 26 | 26.2
Dodging        | 3 4 5 6 8 |  8.7
Throwing       | 1 2 |  2.0
Shields        | 2 3 4 5 6 7 8 9 10 | 10.9
Stealth        | 1 2 3 |  3.4
Evocations     | 3 4 |  4.5

Action                     |  1- 3 |  4- 6 |  7- 9 | 10-12 | 13-15 | 16-18 | 19-21 | 22-24 || total
---------------------------+-------+-------+-------+-------+-------+-------+-------+-------++-------
  Melee: Hand axe          |    58 |       |       |       |       |       |       |       ||    58
         Headbutt          |    10 |    16 |    26 |    51 |    94 |   274 |   259 |    29 ||   759
         War axe           |    17 |   107 |   163 |   184 |       |       |       |       ||   471
         Punch             |       |       |     1 |     2 |       |       |       |       ||     3
         Executioner's axe |       |       |       |    76 |   106 |   715 |    55 |       ||   952
         Battleaxe         |       |       |       |    16 |   417 |   563 |   852 |   125 ||  1973
  Throw: Dart              |     3 |       |    10 |     9 |       |     1 |     4 |       ||    27
 Invoke: Berserk           |     1 |     3 |    11 |    14 |    24 |    51 |    40 |     1 ||   145
  Evoke: Sack of spiders   |       |       |       |       |       |     2 |       |       ||     2
    Use: Scroll            |       |     3 |     3 |     2 |    11 |     8 |    11 |       ||    38
         Potion            |       |       |       |     4 |     6 |    15 |     3 |       ||    28
   Stab: Sleeping          |       |       |       |       |     1 |       |       |       ||     1
         Distracted        |       |       |       |       |     1 |     1 |     2 |     1 ||     5
 Armour: Animal skin       |    35 |       |       |       |       |       |       |       ||    35
         Scale mail        |    20 |    95 |    82 |    30 |       |       |       |       ||   227
         Plate armour      |       |    16 |    80 |       |       |       |       |       ||    96
         Ring mail         |       |       |       |   158 |   216 |       |       |       ||   374
         Crystal plate arm |       |       |       |       |   112 |  1583 |  1019 |   164 ||  2878
  Dodge: Dodged            |    52 |    64 |   190 |   272 |   374 |   506 |   326 |    48 ||  1832
         Repelled          |       |       |       |       |     6 |     1 |       |       ||     7
  Block: Other             |       |       |    30 |    63 |    96 |   275 |   154 |    23 ||   641
         Reflection        |       |       |     3 |       |     3 |    41 |    25 |     1 ||    73
